 Dungeon Crawl Stone Soup version 0.22.0-27-ga576289 (webtiles) character file.

47 shmeve the Chopper (level 3, -9/33 HPs)
             Began as a Minotaur Berserker on Aug 22, 2018.
             Was a Believer of Trog.
             Mangled by an iron imp (10 damage)
             ... summoned by Natasha
             ... on level 2 of the Dungeon.
             The game lasted 00:03:04 (987 turns).

shmeve the Chopper (Minotaur Berserker)              Turns: 987, Time: 00:03:04

Health: -9/33      AC:  2    Str: 28    XL:     3   Next: 48%
Magic:  2/2        EV: 12    Int:  4    God:    Trog [**....]
Gold:   68         SH:  4    Dex:  9    Spells: 2/2 levels left

rFire    . . .     SeeInvis .   a - +0 hand axe
rCold    . . .     Gourm    .   h - +0 buckler
rNeg     . . .     Faith    .   b - +0 animal skin
rPois    .         Spirit   .   (helmet restricted)
rElec    .         Reflect  .   (no cloak)
rCorr    .         Harm     .   (no gloves)
MR       .....                  (no boots)
Stlth    +.........             (no amulet)
HPRegen  0.11/turn              n - +6 ring of strength
MPRegen  0.08/turn              (no ring)

@: no status effects
A: retaliatory headbutt, horns 2
a: Berserk, Trog's Hand, Renounce Religion


You were on level 2 of the Dungeon.
You worshipped Trog.
Trog was pleased with you.
You were not hungry.

You visited 1 branch of the dungeon, and saw 2 of its levels.

You collected 68 gold pieces.

Inventory:

Hand Weapons
 a - a +0 hand axe (weapon)
Missiles
 f - 10 tomahawks (quivered)
Armour
 b - a +0 animal skin (worn)
 h - a +0 buckler (worn)
Jewellery
 n - a +6 ring of strength (left hand)
Scrolls
 e - 4 scrolls of identify {unknown}
 g - a scroll of teleportation {unknown}
 i - a scroll of fog {unknown}
 j - a scroll of remove curse {unknown}
 k - 2 scrolls of magic mapping {unknown}
 q - a scroll of immolation {unknown}
Potions
 d - a potion of haste {unknown}
 l - a potion of resistance {unknown}
 m - a potion of magic {unknown}
 p - a potion of heal wounds {unknown}
Comestibles
 c - 4 rations
 o - 5 chunks of flesh


   Skills:
 - Level 3.8 Fighting
 - Level 3.9 Axes
 - Level 0.8 Throwing
 - Level 2.5 Armour
 - Level 2.3 Dodging
 + Level 2.7 Shields


You had 2 spell levels left.
You didn't know any spells.
Your spell library was empty.

Dungeon Overview and Level Annotations

Branches:
Dungeon (2/15)

Altars:

Annotations:
D:2 Natasha


Innate Abilities, Weirdness & Mutations

You reflexively headbutt those who attack you in melee.
You have a pair of horns on your head.


Message History

You feel troubled.
You closely miss Natasha.
Natasha stares at you and mumbles some strange words.
The magic dart hits you!
You hit Natasha.
Natasha is lightly wounded.
Natasha mumbles some strange words.
Natasha claws you!
You hit Natasha but do no damage. You headbutt Natasha.
Natasha is moderately wounded.
Natasha claws you!
* * * LOW HITPOINT WARNING * * *
You closely miss Natasha.
Natasha is moderately wounded.
Natasha claws you.
* * * LOW HITPOINT WARNING * * *
You hit Natasha.
Natasha is severely wounded.
You barely miss the iron imp. The iron imp hits you!
You die...

#............((..)..###
#.#÷..######.##.###.#..
##.## #.##.###...# #
#.#.## #.##.....÷##
#..###.## #.#######.#
#.#...#.# #.# #)#
##.###.## #.# #.# #.#
#.# #.## #@# #.#
#####... #..5h#
#.###....... ###..#
#.....#####. #..#
####### #. ...# #.
##.## #. #. #. #. #. #.


You could see an iron imp and Natasha.

Vanquished Creatures
  An adder (D:2)
  A worm (D:2)
  A leopard gecko (D:1)
  2 giant cockroaches (D:2)
  5 goblins
  4 jackals (D:1)
  A quokka (D:2)
  5 bats
  6 frilled lizards
  6 kobolds
  4 rats
36 creatures vanquished.

Notes
Turn   | Place    | Note
-------+----------+-------------------------------------------
     0 | D:1      | shmeve the Minotaur Berserker began the quest for the Orb.
     0 | D:1      | Reached XP level 1. HP: 19/19 MP: 0/0
    89 | D:1      | Reached XP level 2. HP: 20/27 MP: 1/1
   508 | D:1      | Reached skill level 1 in Shields
   644 | D:2      | Reached XP level 3. HP: 33/33 MP: 2/2
   672 | D:2      | Reached ** piety under Trog
   979 | D:2      | Noticed Natasha
   986 | D:2      | HP: 1/33 [Natasha (1)]
   987 | D:2      | Mangled by an iron imp

Skill      XL: |  1  2 |
---------------+-------+-----
Shields        | 2 |  2.7
Fighting       | |  3.8
Axes           | |  3.9
Throwing       | |  0.8
Armour         | |  2.5
Dodging        | |  2.3

Action                   || total
-------------------------++-------
Melee: Hand axe          ||    65
       Headbutt          ||    11
Armor: Animal skin       ||    19
Dodge: Dodged            ||    51
Block: Buckler           ||     8
